Map: Prüfung von Aiur LE

Players

apocalisse

  • Race: Zerg Zerg
  • Spawn Location: 5:00

Panda - Winner!

  • Race: Zerg Zerg
  • League: Diamond
  • Spawn Location: 11:00

VOD

Have the link to the VOD?

Description

Time

  • Played on: Sept. 9, 2017, 9 p.m.
  • Length: 6:07
Show
View Real Time Build Order
Export as new Build Order

apocalisse Zerg 

Build Orders: Pool First, Zergling Baneling 

Get SALT Encoding   

  12  0:01  Drone  
  13  0:10  Drone  
  14  0:16  Overlord  
  14  0:22  Extractor  
  14  0:23  Drone  
  14  0:29  Extractor, Drone  
  14  0:35  Drone  
  16  0:49  Spawning Pool  
  15  0:52  Drone  
  16  0:57  Drone  
  17  1:07  Drone  
  18  1:17  Drone  
  19  1:28  Hatchery  
  18  1:37  Metabolic Boost  
  18  1:43  Queen  
  20  1:53  Spine Crawler  
  20  1:54  Zergling x2  
  20  1:58  Zergling x2  
  20  2:00  Zergling x2  
  22  2:08  Overlord  
  22  2:17  Overlord  
  22  2:20  Baneling Nest  
  21  2:28  Queen  
  23  2:36  Zergling x2  
  24  2:45  Zergling x2  
  24  2:47  Zergling x2  
  22  2:51  Zergling x2  
  22  2:52  Spine Crawler  
  22  2:54  Zergling x2  
  23  3:05  Baneling  
  23  3:06  Baneling x3  
  23  3:12  Zergling x2  
  19  3:27  Zergling x2  
  19  3:28  Zergling x2  
  19  3:29  Drone  
  19  3:30  Baneling  
  19  3:31  Baneling  
  14  3:37  Drone  
  15  3:42  Zergling x2  
  14  3:56  Drone  
  14  3:59  Drone  
  15  4:04  Zergling x2  
  15  4:09  Baneling  
  16  4:13  Baneling  
  16  4:23  Zergling x2  
  16  4:32  Zergling x2  
  17  4:38  Zergling x4  
  17  4:42  Zergling x2  
  17  4:58  Drone x2  
  17  4:59  Drone  
  18  5:14  Drone  
  17  5:22  Queen  
  17  5:27  Zergling x2  
  20  5:32  Zergling x2  
  21  5:46  Zergling x2  
Show
View Real Time Build Order
Export as new Build Order

Panda Zerg - Winner!

Build Orders: Pool Only, Zergling Baneling 

Get SALT Encoding   

  12  0:01  Drone  
  13  0:18  Extractor  
  12  0:24  Spawning Pool  
  12  0:28  Drone  
  12  0:33  Drone  
  13  0:36  Drone  
  14  0:45  Overlord  
  14  1:11  Zergling x4  
  14  1:12  Zergling x2  
  14  1:14  Queen  
  19  1:24  Metabolic Boost  
  19  1:27  Zergling x2  
  20  1:33  Zergling x2  
  21  1:43  Zergling x2  
  22  1:49  Baneling Nest  
  21  1:55  Overlord  
  21  2:05  Zergling x2  
  22  2:28  Zergling x8  
  27  2:37  Zergling x2  
  25  2:52  Zergling x2  
  26  3:02  Zergling x2  
  26  3:05  Baneling x3  
  27  3:06  Baneling x3  
  22  3:30  Zergling x8  
  24  3:39  Baneling x2  
  24  3:41  Zergling x2  
  22  4:06  Zergling x4  
  19  4:32  Zergling x8  
  23  4:42  Zergling x6  
  24  4:56  Zergling x2  
  24  5:01  Zergling x2  
  25  5:21  Baneling  
  25  5:22  Baneling x5  
  25  5:23  Zergling x8  
  29  5:30  Spine Crawler  
  29  5:33  Drone  
Tags
 
Add a new tag
Caveats
  • Supply blocks, unpowered buildings, or Contaminate may cause inaccurate times.
  • Supply counts are checked every 10 seconds.